 Dungeon Crawl Stone Soup version 0.17.0-18-gaab0e96 (webtiles) character file.

1185 Iffee the Skirmisher (level 8, 0/109 HPs)
             Began as a Minotaur Berserker on Nov 11, 2015.
             Was an Elder of Trog.
             Slain by an orc warrior
             ... wielding a +0 long sword
              (4 damage)
             ... on level 7 of the Dungeon.
             The game lasted 00:39:39 (5244 turns).

Iffee the Skirmisher (Minotaur Berserker)           Turns: 5244, Time: 00:39:40

Health: 0/109      AC:  6    Str: 35    XL:     8   Next: 19%
Magic:  7/7        EV: 14    Int:  4    God:    Trog [****..]
Gold:   93         SH:  0    Dex:  9    Spells: 0 memorised, 7 levels left

rFire  . . .     SeeInvis .     d - -1 glaive (curse)
rCold  . . .     Clarity  .     u - +0 robe (curse)
rNeg   . . .     SustAt   .     (shield currently unavailable)
rPois  .         Gourm    .     (helmet restricted)
rElec  .         Spirit   .     q - +0 cloak
rCorr  .         Warding  .     p - +2 pair of gloves
rMut   +         Stasis   .     (no boots)
MR     .....                    n - amulet of resist mutation (curse)
Stlth  ..........               B - ring of stealth
                                b - +5 ring of strength

@: berserking, very quick, not resistant to hostile enchantments, extremely
unstealthy
A: retaliatory headbutt, horns 2
a: Berserk, Trog's Hand, Brothers in Arms, Burn Spellbooks, Renounce Religion


You were on level 7 of the Dungeon.
You worshipped Trog.
Trog was greatly pleased with you.
You were not hungry.

You visited 2 branches of the dungeon, and saw 8 of its levels.

You collected 258 gold pieces.
You spent 165 gold pieces at shops.

Inventory:

Hand Weapons
 d - a cursed -1 glaive (weapon)
 g - the +3 long sword of the Eight Nights {slice, Str+4, unknown}
   (You found it on level 6 of the Dungeon)

   It inflicts extra damage upon your enemies.
   It affects your strength (+4).
 o - a +1 war axe
Armour
 p - a +2 pair of gloves (worn)
 q - a +0 cloak (worn)
 u - a cursed +0 robe (worn)
 G - a +3 ring mail of cold resistance
Jewellery
 b - a +5 ring of strength (left hand)
 i - an uncursed amulet of guardian spirit
 k - an uncursed ring of flight
 n - a cursed amulet of resist mutation (around neck)
 B - a ring of stealth (right hand)
Wands
 z - a wand of cold (7)
 E - a wand of lightning (9)
 I - a wand of random effects (21)
Scrolls
 w - 3 scrolls of teleportation
 H - 5 scrolls of identify
Potions
 a - a potion of haste
 c - a potion of poison
 e - 4 potions of curing
 h - a potion of agility
 j - a potion of resistance
 l - a potion of might
 m - a potion of invisibility
Comestibles
 v - 2 bread rations


   Skills:
 + Level 7.2 Fighting
 + Level 6.6 Axes
 + Level 5.3 Armour
 + Level 6.3 Dodging
 - Level 0.1 Stealth


You had 7 spell levels left.
You didn't know any spells.

Dungeon Overview and Level Annotations

Branches:
Dungeon (7/15)             Temple (1/1) D:4

Altars:
Ashenzari
Dithmenos
Fedhas
Gozag
Kikubaaqudgha
Makhleb
Nemelex Xobeh
Qazlal
Ru
Sif Muna
Trog
Xom
Zin

Shops:
D:6 [


Innate Abilities, Weirdness & Mutations

You reflexively headbutt those who attack you in melee.
You have a pair of horns on your head.


Message History

The orc warrior is heavily wounded.
The giant cockroach bites you but does no damage.
The orc warrior hits you with a long sword!
* * * LOW HITPOINT WARNING * * *
You slash the orc!
You kill the orc!
Trog accepts your kill.
The giant cockroach bites you but does no damage.
The crimson imp blinks!
The orc warrior hits you with a long sword.
* * * LOW HITPOINT WARNING * * *
The giant cockroach barely misses you. You furiously retaliate!
You headbutt the giant cockroach. You closely miss the orc warrior.
You headbutt the orc warrior.
The orc warrior is severely wounded.
The adder bites you.
* * * LOW HITPOINT WARNING * * *
The giant cockroach closely misses you.
The orc warrior hits you with a long sword.
You die...

# *,* **,,,,**,*** *,* #
**,**##%....##,* *,* #
**,,.##....[..#,* *,* #
*,,,,.........#,**#*******,*
#
*,,,,*#...5...*,,.Y,,,,,,*,*
##
*,*,***#..)..#,,.##,,,,,,,,*
.# *,*,*
*#.$oY,<....,****,***
.#####.#,* *#so##...##,* *,*
.......#,* #)@S.$..$.,* *,*
.#######,* ##)###.###,* *,*
.#####**,* #.# *,* *,* *,*
.#...,,,,* #.# *,* *,* *,*
.#.#############.# *,*
*,****,* ."...............#
*,***,,,,,,*
##.###############
*,,,,,,,,,,* #.#
*,********,* #.# *,,,,,* *,*


You could see an orc warrior, an ice beast, an orc priest, a crimson imp, an
adder and a giant cockroach.

Vanquished Creatures
  Eustachio (D:4)
  A sky beast (D:5)
  An ice beast (D:5)
  A big kobold (D:6)
  A centaur (D:6)
  A scorpion (D:5)
  2 hounds
  5 crimson imps (D:4)
  Crazy Yiuf (D:3)
  A centaur skeleton (D:3)
  An orc priest (D:7)
  Jessica (D:5)
  3 orc wizards
  A worker ant (D:6)
  Robin (D:4)
  3 gnolls (D:4)
  5 adders
  A shadow imp (D:5)
  3 worms
  5 giant geckos
  11 orcs
  5 giant cockroaches
  21 goblins
  7 hobgoblins
  10 kobolds
  3 quokkas
  A ball python (D:2)
  8 bats
  3 giant newts
  9 jackals
  A jackal skeleton (D:5)
  2 quokka skeletons
  6 rats
126 creatures vanquished.

Notes
Turn   | Place    | Note
--------------------------------------------------------------
     0 | D:1      | Iffee the Minotaur Berserker began the quest for the Orb.
     0 | D:1      | Reached XP level 1. HP: 19/19 MP: 0/0
    94 | D:1      | Reached XP level 2. HP: 20/27 MP: 1/1
   410 | D:1      | Reached skill level 4 in Axes
   638 | D:2      | Reached ** piety under Trog
   805 | D:2      | Reached XP level 3. HP: 20/33 MP: 2/2
  1478 | D:2      | Reached XP level 4. HP: 22/41 MP: 3/3
  1811 | D:3      | Reached skill level 5 in Fighting
  2053 | D:3      | Noticed Crazy Yiuf
  2060 | D:3      | Killed Crazy Yiuf
  2060 | D:3      | Reached XP level 5. HP: 38/48 MP: 4/4
  2652 | D:4      | Noticed Eustachio
  2664 | D:4      | Killed Eustachio
  2664 | D:4      | Reached XP level 6. HP: 47/57 MP: 5/5
  2677 | D:4      | Found a shimmering altar of Xom.
  2744 | D:4      | Reached *** piety under Trog
  2788 | D:4      | Reached skill level 6 in Fighting
  2788 | D:4      | Reached skill level 5 in Axes
  2788 | D:4      | Reached skill level 5 in Dodging
  2940 | D:4      | Noticed Robin
  2951 | D:4      | Killed Robin
  3049 | D:4      | Found an ancient bone altar of Kikubaaqudgha.
  3172 | D:4      | Found a staircase to the Ecumenical Temple.
  3181 | D:4      | Reached XP level 7. HP: 51/63 MP: 6/6
  3205 | D:4      | Found a shimmering altar of Xom.
  3258 | D:4      | Found a shadowy altar of Dithmenos.
  3341 | D:4      | Reached **** piety under Trog
  3497 | Temple   | Entered the Ecumenical Temple
  3717 | D:5      | Entered Level 5 of the Dungeon
  3833 | D:5      | Noticed Jessica
  3842 | D:5      | Killed Jessica
  3845 | D:5      | Found a deep blue altar of Sif Muna.
  4161 | D:5      | Reached skill level 5 in Armour
  4445 | D:6      | Reached XP level 8. HP: 71/71 MP: 7/7
  4514 | D:6      | Got a fine long sword
  4802 | D:6      | Found a burning altar of Makhleb.
  4802 | D:6      | Found a sparkling altar of Nemelex Xobeh.
  4802 | D:6      | Found an opulent altar of Gozag.
  4896 | D:6      | Reached skill level 7 in Fighting
  4898 | D:6      | Found Ewienio's Armour Shop.
  4913 | D:6      | Bought a +2 pair of gloves for 165 gold pieces
  5015 | D:6      | Found a burning altar of Makhleb.
  5244 | D:7      | HP: 4/109 [adder (4)]
  5244 | D:7      | Slain by an orc warrior

Action                   |  1- 3 |  4- 6 |  7- 9 || total
-------------------------+-------+-------+-------++-------
Melee: Hand axe          |    78 |    24 |       ||   102
       War axe           |       |    95 |    48 ||   143
       Glaive            |       |       |    25 ||    25
Invok: Berserk           |     1 |     1 |     1 ||     3
       Trog's Hand       |       |     1 |       ||     1
       Burn Spellbooks   |       |       |     1 ||     1
  Use: Scroll            |     1 |     1 |     7 ||     9
       Potion            |       |       |    12 ||    12
 Stab: Sleeping          |       |       |     1 ||     1
  Eat: Bread ration      |     1 |     1 |       ||     2
       Fruit             |       |     1 |     1 ||     2
       Meat ration       |       |       |     2 ||     2
